 Dungeon Crawl Stone Soup version 0.23-a0-344-ge122d05 (webtiles) character file.

8 galech the Skirmisher (level 2, 16/24 HPs)
             Began as a Demonspawn Fighter on Oct 19, 2018.
             Quit the game on level 1 of the Dungeon.
             The game lasted 00:00:17 (144 turns).

galech the Skirmisher (Demonspawn Fighter)           Turns: 144, Time: 00:00:18

Health: 16/24      AC:  6    Str: 16    XL:     2   Next: 0%
Magic:  2/2        EV:  6    Int:  9    God:
Gold:   47         SH:  8    Dex: 12    Spells: 1/1 levels left

rFire    . . .     SeeInvis .   a - +0 war axe
rCold    . . .     Gourm    .   c - +0 shield
rNeg     . . .     Faith    .   b - +0 scale mail
rPois    .         Spirit   .   (no helmet)
rElec    .         Reflect  .   (no cloak)
rCorr    .         Harm     .   (no gloves)
MR       .....                  (no boots)
Stlth    ..........             (no amulet)
HPRegen  0.08/turn              (no ring)
MPRegen  0.08/turn              (no ring)

@: no status effects
A: claws 1
a: no special abilities


You were on level 1 of the Dungeon.
You were not hungry.

You visited 1 branch of the dungeon, and saw 1 of its levels.

You collected 47 gold pieces.

Inventory:

Hand Weapons
 a - a +0 war axe (weapon)
Armour
 b - a +0 scale mail (worn)
 c - a +0 shield (worn)
Scrolls
 e - a scroll of remove curse {unknown}
 i - a scroll of identify {unknown}
Potions
 d - a potion of might
 g - 2 potions of heal wounds {unknown}
 h - a potion of curing {unknown}
Comestibles
 f - 3 rations
 j - a chunk of flesh


   Skills:
 + Level 3.1 Fighting
 + Level 2.0 Axes
 + Level 2.8 Armour
 + Level 2.8 Shields


You had one spell level left.
You didn't know any spells.
Your spell library was empty.

Dungeon Overview and Level Annotations

Branches:
Dungeon (1/15)

Altars:


Innate Abilities, Weirdness & Mutations

You have sharp fingernails.


Message History

You barely miss the hobgoblin. You hit the frilled lizard.
You block the frilled lizard's attack. You block the hobgoblin's attack.
The frilled lizard bites you.
You miss the frilled lizard.
The frilled lizard is moderately wounded.
You hit the hobgoblin but do no damage. You block the hobgoblin's attack.
You block the frilled lizard's attack. You block the hobgoblin's attack.
You slash the frilled lizard!
You kill the frilled lizard!
Your shield and scale mail prevent you from hitting the hobgoblin.
The hobgoblin barely misses you.
Your shield and scale mail prevent you from hitting the hobgoblin.
The hobgoblin hits you with a +0 club.
You slash the hobgoblin!
You kill the hobgoblin!
Your Axes skill increases to level 2!
You have reached level 2!
Your demonic ancestry asserts itself...
Your fingernails lengthen.
Are you sure you want to abandon this character and quit the game? (Confirm

.#.#
#.#.###..............##
... ....
..#..............#...#
... ####
#.#.###..............#
... ..#.#
#..........#...# ...
..!..###..............#
#..........%...###....
#.......>.........
#..........##....
#....@†....# .
#....).....#
#....$.....#
##........## ##......##
########


There were no monsters in sight!

Vanquished Creatures
  2 goblins (D:1)
  2 hobgoblins (D:1)
  A frilled lizard (D:1)
  A kobold (D:1)
  2 rats (D:1)
8 creatures vanquished.

Notes
Turn   | Place    | Note
-------+----------+-------------------------------------------
     0 | D:1      | galech the Demonspawn Fighter began the quest for the Orb.
     0 | D:1      | Reached XP level 1. HP: 18/18 MP: 1/1
   143 | D:1      | Gained mutation: You have sharp fingernails. [demonic
                  | ancestry]
   143 | D:1      | Reached XP level 2. HP: 16/24 MP: 2/2
   144 | D:1      | Quit the game

Vault maps used:
D:1:      psy_arrival_basics, minmay_misc_feat_encased

Skill      XL: |  1 |
---------------+----+-----
Axes           | 2 |  2.0
Fighting       | |  3.1
Armour         | |  2.8
Shields        | |  2.8

Action                   || total
-------------------------++-------
Melee: War axe           ||    24
Armor: Scale mail        ||     6
Dodge: Dodged            ||     3
Block: Shield            ||    14

Table legend:
 A = Non-vault XP
 B = Vault XP
 C = Vault XP percentage of total XP
 D = Non-vault monster count
 E = Vault monster count
 F = Vault count percentage of total count
                 A         B        C        D         E       F
            +---------+---------+-------+---------+---------+-------
      Total |      12 |       0 |   0.0 |       8 |       0 |   0.0
            +---------+---------+-------+---------+---------+-------
        D:1 |      12 |       0 |   0.0 |       8 |       0 |   0.0
            +---------+---------+-------+---------+---------+-------
